 Dungeon Crawl Stone Soup version 0.32-a0-886-g41c5271027 (webtiles) character file.

Game seed: 2441296930730990640

488 olmar the Firebug (level 6, -7/50 HPs)
             Began as a Mountain Dwarf Fire Elementalist on Apr 2, 2024.
             Killed by divine providence
             ... invoked by an orc priest
              (16 damage)
             ... on level 4 of the Dungeon.
             The game lasted 00:06:16 (3580 turns).

olmar the Firebug (MDFE)                            Turns: 3580, Time: 00:06:17

Health: -7/50      AC:  2    Str: 12    XL:     6   Next: 90%
Magic:  2/11       EV: 10    Int: 16    God:
Gold:   136        SH:  0    Dex: 10    Spells: 2/12 levels left

rFire   + + .        s - +8 long sword of Lyff {heavy, rPois rF++ Stlth+}
rCold   . . .        (no shield)
rNeg    . . .        a - +0 robe
rPois   +            (no helmet)
rElec   .            (no cloak)
rCorr   .            (no gloves)
SInv    .            (no boots)
Will    .....        (no amulet)
Stlth   +++          h - +4 ring of slaying
HPRegen 0.28/turn    (no ring)
MPRegen 0.12/turn

%: no passive effects
@: no status effects
A: runic magic, artefact enchanting
a: Convert to Beogh


You were on level 4 of the Dungeon.
You visited 1 branch of the dungeon, and saw 4 of its levels.

You collected 136 gold pieces.

Inventory:

Hand Weapons
 g - a +0 dagger
 n - a +0 mace
 o - a +0 dagger of electrocution
 s - the +8 long sword of Lyff (weapon) {heavy, rPois rF++ Stlth+}
   (You found it on level 3 of the Dungeon)

   rF++:      It greatly protects you from fire.
   rPois:     It protects you from poison.
   Stlth+:    It makes you more stealthy.
Armour
 a - a +0 robe (worn)
Magical Staves
 p - a staff of alchemy
Jewellery
 h - a +4 ring of slaying (left hand)
Scrolls
 d - a scroll of enchant weapon {unknown}
 f - 2 scrolls of fear
 j - a scroll of teleportation {unknown}
 l - a scroll of fog {unknown}
 m - a scroll of brand weapon {unknown}
 u - a scroll of enchant armour {unknown}
Potions
 b - 2 potions of magic
 c - 2 potions of heal wounds
 e - a potion of curing
 k - a potion of berserk rage
 q - a potion of mutation
 r - a potion of ambrosia {unknown}
 t - a potion of invisibility {unknown}
 v - a potion of resistance {unknown}


   Skills:
 + Level 2.6 Fighting
 - Level 0.2 Long Blades
 - Level 1.3 Dodging
 - Level 1.4 Stealth
 + Level 3.8 Spellcasting
 + Level 2.7 Conjurations
 + Level 6.2 Fire Magic


You had 2 spell levels left.
You knew the following spells:

 Your Spells              Type           Power      Damage    Failure   Level
a - Foxfire               Conj/Fire      68%        2x1d7     2%          1
b - Scorch                Fire           44%        2d6       1%          2
c - Inner Flame           Hex/Fire       13%        N/A       14%         3
d - Flame Wave            Conj/Fire      17%        2d7       26%         4

Your spell library contained the following spells:

 Spells                   Type           Power      Damage    Failure   Level
 Sting                    Conj/Alch      28%        1d4       10%         1
 Apportation              Tloc           6%         N/A       17%         1
 Necrotise                Necr           12%        1d4       17%         1
 Summon Small Mammal      Summ           12%        N/A       17%         1
 Volatile Blastmotes      Fire/Tloc      26%        2d12      14%         3


Dungeon Overview and Level Annotations

Branches:
Dungeon (4/15)
 Temple: D:4-7

Altars:
Kikubaaqudgha

Shops:
D:2 (


Innate Abilities, Weirdness & Mutations

Your spellcasting is much less encumbered by armour.
You can use scrolls of enchantment on lesser artefacts.


Message History

Unknown command.
You conjure some foxfire!
The foxfire hits the orc.
The orc is moderately wounded.
Unknown command.
You hit the orc priest.
The orc priest is heavily wounded.
The foxfire hits the orc but does no damage.
The orc is moderately wounded.
The orc priest closely misses you. The orc wizard casts a spell at you.
You resist with some effort.
The orc priest looks encouraged for a moment.
The orc hits you with a +0 hand axe of flaming.
You barely miss the orc priest.
The orc priest is heavily wounded.
The orc priest closely misses you.
The orc hits you with a +0 hand axe of flaming.
The orc wizard hits you with a +0 dagger.
The orc priest hits you with a +0 whip.
The orc hits you with a +0 hand axe of flaming.
Your magical contamination has completely faded away.
The orc wizard closely misses you.
The orc priest attacks as it pursues you!
The orc priest hits you with a +0 whip.
The orc wizard attacks as it pursues you!
The orc wizard completely misses you.
The orc priest attacks as it pursues you!
The orc priest barely misses you.
The orc priest shouts, "Beogh offers mercy even to people such as you.
Join us and be reborn!"
Okay, then.
Unknown command.
You slash the orc wizard!
The orc wizard is severely wounded.
The orc priest invokes the aid of Beogh against you.
Beogh smites you!
* * * LOW HITPOINT WARNING * * *
The orc wizard misses you.
The orc priest calls down the wrath of Beogh upon you.
Beogh smites you!
You die...

###........# .....
####....## ..## .
####....# ... . #.......#
..# #.#.#.....# ..# o.
#.#.##....# #.# o#
#.#.##....# #.# .#
#.#.##....#### #.# o#
#.#.##.......# #@# .#
#.#.##.##..#.###o# .#
#.#.#..#.......oo######)##
#.#...##.#.#.#.#..).....##
.
#.####..........#########
# #.# #.#.#.#.#..# ##r....
..# #..........# #.####
#### #.#.#.#.#..# .#
#..........# #


You could see an orc priest, an orc wizard and an orc.

Vanquished Creatures
  Sigmund (D:3)
  A scorpion (D:4)
  A bombardier beetle (D:4)
  A hound (D:4)
  An orc priest (D:3)
  2 orc wizards
  3 adders (D:2)
  2 dart slugs (D:3)
  10 orcs
  4 ball pythons
  4 bats (D:2)
  3 endoplasms
  5 giant cockroaches
  11 goblins
  4 hobgoblins
  3 quokkas
  6 frilled lizards
  7 kobolds
  9 rats
78 creatures vanquished.

Vanquished Creatures (others)
  174 foxfires
174 creatures vanquished.

Grand Total: 252 creatures vanquished

Notes
Turn   | Place    | Note
-------+----------+-------------------------------------------
     0 | D:1      | olmar the Mountain Dwarf Fire Elementalist began the quest
                  | for the Orb.
     0 | D:1      | Reached XP level 1. HP: 14/14 MP: 3/3
   339 | D:1      | Reached skill level 4 in Fire Magic
   398 | D:1      | Reached XP level 2. HP: 14/20 MP: 1/4
   545 | D:1      | Reached skill level 1 in Conjurations
  1143 | D:2      | Found an ancient bone altar of Kikubaaqudgha.
  1198 | D:2      | Reached XP level 3. HP: 26/26 MP: 1/6
  1361 | D:2      | Found Goheaps's Antique Weapon Shoppe.
  1769 | D:2      | Reached XP level 4. HP: 34/34 MP: 7/7
  1930 | D:3      | Reached skill level 5 in Fire Magic
  1944 | D:3      | Reached skill level 1 in Fighting
  1970 | D:3      | Learned a level 2 spell: Scorch
  2228 | D:3      | Identified the +8 long sword of Lyff {heavy, rPois rF++
                  | Stlth+}
  2235 | D:3      | Noticed Sigmund
  2246 | D:3      | Killed Sigmund
  2247 | D:3      | Reached XP level 5. HP: 35/41 MP: 2/9
  2247 | D:3      | Reached XP level 6. HP: 41/48 MP: 2/10
  3005 | D:4      | Reached skill level 6 in Fire Magic
  3440 | D:4      | Learned a level 3 spell: Inner Flame
  3445 | D:4      | Learned a level 4 spell: Flame Wave
  3580 | D:4      | Killed from afar by an orc priest

Illustrated notes

Levels and vault maps discovered:
D:1:      amcnicky_arrival_underground_garden, layout_basic
D:2:      layout_loops_cross, serial_shops, nicolae_shop_rolling_square,
          basic_altar
D:3:      layout_basic, corexii_item_surrounded_by_moat, uniq_sigmund
D:4:      layout_basic, serial_co_window_serial, co_window_paths_a,
          co_window_paths_b, co_window_paths_b, co_window_paths_a,
          co_window_corner_a, co_window_paths_a, co_window_paths_b,
          co_window_paths_a, co_window_corner_a, co_window_corner_b,
          co_window_cross_2, co_window_cross_4, co_window_2corner,
          co_window_2corner, co_window_2corner, glass_columns_c

Skill      XL: |  1  2  3  4  5  6 |
---------------+-------------------+-----
Fire Magic     | 4 5 6 |  6.2
Spellcasting   | 2 3 |  3.8
Conjurations   | 1 2 |  2.7
Fighting       | 2 |  2.6
Long Blades    | |  0.2
Dodging        | |  1.3
Stealth        | |  1.4

Action                     |  1- 3 |  4- 6 || total
---------------------------+-------+-------++-------
  Melee: Unarmed           |     3 |       ||     3
         Dagger            |    39 |    33 ||    72
         Mace              |     7 |     2 ||     9
         Staff             |       |     5 ||     5
         Long sword        |       |    14 ||    14
   Cast: Foxfire           |    40 |    61 ||   101
         Scorch            |       |    10 ||    10
    Use: Potion            |       |     2 ||     2
         Scroll            |       |     4 ||     4
   Stab: Sleeping          |     1 |     2 ||     3
 Armour: Robe              |    18 |    56 ||    74
  Dodge: Dodged            |    26 |    37 ||    63

Table legend: (Time is in decaauts)
 A = Elapsed time spent in this place.
 B = Non-inter-level travel time spent in this place.
 C = Inter-level travel time spent in this place.
 D = Time resting spent in this place.
 E = Time spent auto-exploring this place.
 F = Levels seen in this place.
 G = Mean time per level.
                   A        B        C        D        E       F      G
               +--------+--------+--------+--------+--------+-----+--------+
         Total |   3594 |   3445 |    149 |    506 |   2403 |   4 |  898.5 |
       Dungeon |   3594 |   3445 |    149 |    506 |   2403 |   4 |  898.5 |
               +--------+--------+--------+--------+--------+-----+--------+

Top non-repeatable levels by time:
     D:3: 1147 daAuts
     D:1: 989 daAuts
     D:2: 874 daAuts
     D:4: 583 daAuts
